 Dungeon Crawl Stone Soup version 0.32-a0-994-gabb26cbae4 (webtiles) character file.

Game seed: 7816873673331372295

476 Ijustatesigmund the Firebug (level 6, -12/51 HPs)
             Began as a Mountain Dwarf Fire Elementalist on Apr 22, 2024.
             Mangled by an ogre
             ... wielding a +0 giant club
              (19 damage)
             ... on level 4 of the Dungeon.
             The game lasted 00:05:38 (4621 turns).

Ijustatesigmund the Firebug (MDFE)                  Turns: 4621, Time: 00:05:39

Health: -12/51     AC: 10    Str: 10    XL:     6   Next: 84%
Magic:  6/10       EV:  4    Int: 18    God:
Gold:   140        SH:  0    Dex: 10    Spells: 4/11 levels left

rFire   . . .        c - +2 hand axe (distort)
rCold   . . .        (no shield)
rNeg    . . .        j - +0 chain mail
rPois   +            u - +0 helmet
rElec   .            (no cloak)
rCorr   +            (no gloves)
SInv    .            (no boots)
Will    .....        (no amulet) Stlth
                     e - ring of poison resistance
HPRegen 0.28/turn    f - ring of resist corrosion
MPRegen 0.12/turn

%: no passive effects
@: no status effects
A: runic magic, artefact enchanting
a: no special abilities


You were on level 4 of the Dungeon.
You visited 1 branch of the dungeon, and saw 4 of its levels.

You collected 140 gold pieces.

Inventory:

Hand Weapons
 c - a +2 hand axe of distortion (weapon)
 t - a +0 war axe
Armour
 a - a +0 robe
 j - a +0 chain mail (worn)
 u - a +0 helmet (worn)
Jewellery
 e - a ring of poison resistance (left hand)
 f - a ring of resist corrosion (right hand)
 z - a ring of willpower
Wands
 l - a wand of roots (8)
 r - a wand of quicksilver (19)
Scrolls
 g - a scroll of teleportation {unknown}
 h - a scroll of fear {unknown}
 i - a scroll of immolation {unknown}
 p - a scroll of revelation {unknown}
 q - a scroll of enchant weapon {unknown}
 s - 2 scrolls of identify {unknown}
 v - a scroll of poison {unknown}
 x - a scroll of summoning {unknown}
 y - a scroll of amnesia {unknown}
Potions
 b - a potion of magic
 d - a potion of lignification {unknown}
 k - 2 potions of enlightenment {unknown}
 m - a potion of curing
 n - a potion of resistance {unknown}
 o - a potion of haste {unknown}
 w - a potion of mutation {unknown}


   Skills:
 + Level 3.1 Fighting
 + Level 3.3 Axes
 + Level 2.7 Armour
 - Level 1.3 Dodging
 - Level 1.4 Stealth
 + Level 3.2 Spellcasting
 + Level 1.5 Conjurations
 + Level 5.3 Fire Magic


You had 4 spell levels left.
You knew the following spells:

 Your Spells              Type           Power      Damage    Failure   Level
a - Foxfire               Conj/Fire      60%        2x1d7     10%         1
b - Scorch                Fire           44%        2d6       7%          2
c - Flame Wave            Conj/Fire      15%        2d7       67%         4

Your spell library contained the following spells:

 Spells                   Type           Power      Damage    Failure   Level
 Inner Flame              Hex/Fire       12%        N/A       36%         3
 Volatile Blastmotes      Fire/Tloc      24%        2d12      36%         3


Dungeon Overview and Level Annotations

Branches:
Dungeon (4/15)
 Temple: D:4-7

Altars:
Gozag


Innate Abilities, Weirdness & Mutations

Your spellcasting is much less encumbered by armour.
You can use scrolls of enchantment on lesser artefacts.


Message History

Found 10 large rocks.
Okay, then.
You slash the goblin!
You kill the goblin!
You closely miss the goblin. You hit the goblin.
You kill the goblin!
You hit the goblin.
You kill the goblin!
You closely miss the goblin.
Casting: Scorch (safe; 7% risk of failure)
Confirm with . or Enter, or press ? or * to list all spells.
Flames lash the goblin.
You kill the goblin!
You completely miss the ogre. You closely miss the goblin.
The goblin hits you with a +0 club. The ogre hits you with a +0 giant club!
The goblin hits you but does no damage.
You hit the ogre.
Space warps horribly around the ogre!
The ogre is severely wounded.
You hit the goblin.
Space warps around the goblin.
The ogre hits you with a +0 giant club! The goblin barely misses you.
Unknown command.
Casting: Scorch (safe; 7% risk of failure)
Confirm with . or Enter, or press ? or * to list all spells.
Flames lash the goblin.
You kill the goblin!
The goblin hits you but does no damage. The ogre hits you with a +0 giant club!
* * * LOW HITPOINT WARNING * * *
The goblin hits you but does no damage.
Unknown command.
You hit the ogre.
Space warps around the ogre.
The ogre is almost dead.
You closely miss the goblin. The ogre hits you with a +0 giant club!
* * * LOW HITPOINT WARNING * * *
The goblin hits you but does no damage.
Unknown command.
It was a potion of curing.
You feel better. The goblin hits you with a +0 club.
* * * LOW HITPOINT WARNING * * *
The ogre hits you with a +0 giant club!!
You die...

##.#..##.#####...............#>##
##.#..##........[#####.#####...##
......######.#..## #.# ######
##....#####....†######.# #
#.....................# #
###...#####.....######## #
...#.## ##.#..# # ###..# #.#..##
# #..#######.#.g@#
#...........##O# #..#######.##gg)
###..# ##.##(..# .....# #...#(..#
###.## #..###### ###.# #..# ....#
#..# ##### #..########## #######


You could see an ogre and 3 goblins.

Vanquished Creatures
  2 bombardier beetles
  2 orc priests (D:3)
  An iguana (D:4)
  8 gnolls
  7 adders
  4 dart slugs
  9 orcs
  6 ball pythons
  8 endoplasms
  8 giant cockroaches
  10 goblins
  6 hobgoblins
  6 jackals (D:1)
  6 kobolds
  2 quokkas
  6 bats
  2 frilled lizards
  5 rats
98 creatures vanquished.

Vanquished Creatures (others)
  40 foxfires
40 creatures vanquished.

Grand Total: 138 creatures vanquished

Notes
Turn   | Place    | Note
-------+----------+-------------------------------------------
     0 | D:1      | Ijustatesigmund the Mountain Dwarf Fire Elementalist began
                  | the quest for the Orb.
     0 | D:1      | Reached XP level 1. HP: 14/14 MP: 3/3
   870 | D:1      | Reached XP level 2. HP: 22/22 MP: 1/5
   915 | D:1      | Learned a level 2 spell: Scorch
  1143 | D:1      | Reached skill level 1 in Fighting
  1303 | D:1      | Reached skill level 4 in Fire Magic
  1348 | D:1      | Reached skill level 1 in Axes
  1570 | D:1      | Reached XP level 3. HP: 28/28 MP: 6/6
  2077 | D:2      | Reached XP level 4. HP: 36/36 MP: 7/7
  2088 | D:2      | Learned a level 4 spell: Flame Wave
  2130 | D:2      | Reached skill level 1 in Armour
  2570 | D:3      | Reached XP level 5. HP: 34/41 MP: 8/8
  3405 | D:3      | Reached XP level 6. HP: 40/50 MP: 10/10
  3419 | D:3      | Reached skill level 1 in Conjurations
  3419 | D:3      | Reached skill level 5 in Fire Magic
  4070 | D:4      | Found an opulent altar of Gozag.
  4621 | D:4      | Mangled by an ogre

Illustrated notes

Levels and vault maps discovered:
D:1:      dpeg_arrival_shelter, layout_loops_corners, serial_co_window_serial,
          co_window_cross_1, co_window_corner_a, co_window_of_opportunity_a,
          co_window_paths_a, co_window_of_opportunity_a, co_window_cross_1,
          co_window_corner_a, co_window_corner_ca, co_window_corner_b,
          co_window_broadway_b, co_window_paths_d, co_window_4corner_b,
          glass_columns_a, glass_columns_a, glass_columns_b, glass_columns_a,
          glass_columns_a, minivault_19
D:2:      layout_basic
D:3:      layout_rooms, serial_bayou_pond_e, minmay_fractal_squares_5
D:4:      layout_loops_ring, mainiacjoe_overflow_alcove_4, minmay_ogre_servants

Skill      XL: |  1  2  3  4  5  6 |
---------------+-------------------+-----
Spellcasting   | 2 3 |  3.2
Fighting       | 1 2 3 |  3.1
Fire Magic     | 4 5 |  5.3
Axes           | 1 2 3 |  3.3
Armour         | 1 2 |  2.7
Conjurations   | 1 |  1.5
Dodging        | |  1.3
Stealth        | |  1.4

Action                     |  1- 3 |  4- 6 || total
---------------------------+-------+-------++-------
  Melee: Unarmed           |     8 |       ||     8
         Hand axe          |    61 |   141 ||   202
   Cast: Foxfire           |    22 |     1 ||    23
         Scorch            |       |    12 ||    12
    Use: Potion            |       |     1 ||     1
   Stab: Sleeping          |     2 |       ||     2
 Armour: Robe              |    27 |       ||    27
         Chain mail        |    28 |   140 ||   168
  Dodge: Dodged            |    47 |    39 ||    86

Table legend: (Time is in decaauts)
 A = Elapsed time spent in this place.
 B = Non-inter-level travel time spent in this place.
 C = Inter-level travel time spent in this place.
 D = Time resting spent in this place.
 E = Time spent auto-exploring this place.
 F = Levels seen in this place.
 G = Mean time per level.
                   A        B        C        D        E       F      G
               +--------+--------+--------+--------+--------+-----+--------+
         Total |   4660 |   4616 |     44 |   1573 |   2406 |   4 | 1165.0 |
       Dungeon |   4660 |   4616 |     44 |   1573 |   2406 |   4 | 1165.0 |
               +--------+--------+--------+--------+--------+-----+--------+

Top non-repeatable levels by time:
     D:1: 1868 daAuts
     D:3: 1340 daAuts
     D:4: 795 daAuts
     D:2: 655 daAuts
